IL
SYRACUSE CHIEFS @ INDIANAPOLIS INDIANS
09/03/2049
 
TOP OF THE 1ST
Syracuse Chiefs batting - Pitching for Indianapolis Indians : RHP Antonio Alvarez
Pitching: RHP Antonio Alvarez
Batting: RHB Dusty Ballard 0-0: Ball
1-0: Ball
2-0: Ball
3-0: Base on Balls
Batting: LHB Alexis Cantu 0-0: Ball
1-0: Called Strike
Dusty Ballard steals 2nd base (no throw)
1-1: Foul Ball, location: 2F
1-2: Ball
2-2: Foul Ball, location: 2F
2-2: Ground out 6-3 (Groundball, 6M, EV 89.4 MPH)
Dusty Ballard to third
Batting: LHB Jae-ik Soung 0-0: Called Strike
0-1: Ball
1-1: Ball
2-1: Foul Ball, location: 2F
2-2: Ground out 6-3 (Groundball, 6, EV 88.1 MPH)
Dusty Ballard scores
Batting: LHB Doug Anderson 0-0: Ball
1-0: Called Strike
1-1: Ball
2-1: Foul Ball, location: 2F
2-2: Ground out 4-3 (Groundball, 4, EV 98.1 MPH)
Top of the 1st over - 1 run, 0 hits, 0 errors, 0 left on base; Syracuse 1 - Indianapolis 0
BOTTOM OF THE 1ST
Indianapolis Indians batting - Pitching for Syracuse Chiefs : RHP Brian Walker
Pitching: RHP Brian Walker
Batting: RHB Bubba Tierney 0-0: Ball
1-0: Ground out U3 (Groundball, 34S, EV 78.8 MPH)
Batting: LHB Alberto Figueroa 0-0: Ground out 4-3 (Groundball, 4, EV 89.4 MPH)
Batting: RHB Alain Marquet 0-0: Ball
1-0: Called Strike
1-1: Ground out 4-3 (Groundball, 4M, EV 86.2 MPH)
Bottom of the 1st over - 0 runs, 0 hits, 0 errors, 0 left on base; Syracuse 1 - Indianapolis 0
TOP OF THE 2ND
Syracuse Chiefs batting - Pitching for Indianapolis Indians : RHP Antonio Alvarez
Batting: RHB Stephen Charbonneau 0-0: Ball
1-0: Called Strike
1-1: Foul Ball, location: 2F
1-2: Ball
2-2: Ball
3-2: Ground out 6-3 (Groundball, 6, EV 85.6 MPH)
Batting: LHB Tim Olsen 0-0: Ball
1-0: Swinging Strike
1-1: Ball
2-1: Reached on error, E8 (Flyball, 8LD, EV 100.6 MPH)
Batting: RHB Martin Guerrero 0-0: SINGLE (Line Drive, 5D, EV 105.0 MPH)
Tim Olsen to third
Batting: RHB Justin Davenport 0-0: Ball
1-0: Called Strike
1-1: Ball
2-1: Ball
3-1: Base on Balls
Martin Guerrero to second
Batting: RHB Pat Barton 0-0: Ball
1-0: Called Strike
1-1: Swinging Strike
1-2: Ball
2-2: Strikes out looking
Batting: RHB Dusty Ballard 0-0: Ball
1-0: Ball
2-0: Ground out 1-3 (Groundball, 13S, EV 71.9 MPH)
Top of the 2nd over - 0 runs, 1 hit, 1 error, 3 left on base; Syracuse 1 - Indianapolis 0
BOTTOM OF THE 2ND
Indianapolis Indians batting - Pitching for Syracuse Chiefs : RHP Brian Walker
Batting: RHB Dave Fredericks 0-0: Foul Ball, location: 2F
0-1: Ball
1-1: Called Strike
1-2: Strikes out looking
Batting: LHB Phil DeCamp 0-0: Ball
1-0: Ball
2-0: Ball
3-0: Foul Ball, location: 2F
3-1: Foul Ball, location: 2F
3-2: Base on Balls
Batting: RHB Chris Pozzi 0-0: Ball
1-0: Ball
2-0: Ball
3-0: Called Strike
3-1: DOUBLE (Line Drive, 9LD, EV 96.2 MPH)
Phil DeCamp to third
Batting: LHB Edwin Aguilar 0-0: Called Strike
0-1: Ball
1-1: Called Strike
1-2: Ball
2-2: Foul Ball, location: 2F
2-2: Strikes out looking
Batting: RHB Richard Barrios 0-0: Called Strike
0-1: Ball
1-1: Called Strike
1-2: Ball
2-2: Foul Ball, location: 2F
2-2: Foul Ball, location: 2F
2-2: Fly out, F9 (Flyball, 9S, EV 95.6 MPH)
Bottom of the 2nd over - 0 runs, 1 hit, 0 errors, 2 left on base; Syracuse 1 - Indianapolis 0
TOP OF THE 3RD
Syracuse Chiefs batting - Pitching for Indianapolis Indians : RHP Antonio Alvarez
Batting: LHB Alexis Cantu 0-0: Foul Ball, location: 2F
0-1: Swinging Strike
0-2: Ball
1-2: Foul Ball, location: 2F
1-2: Ball
2-2: Foul Ball, location: 2F
2-2: Strikes out swinging
Batting: LHB Jae-ik Soung 0-0: Ball
1-0: Ball
2-0: Swinging Strike
2-1: Ball
3-1: Base on Balls
Batting: LHB Doug Anderson 0-0: SINGLE (Line Drive, 4MD, EV 96.2 MPH)
Jae-ik Soung to second
Runner from 2nd tries for 3rd, SAFE, no throw by CF
Batting: RHB Stephen Charbonneau 0-0: Called Strike
Doug Anderson steals 2nd base
0-1: Foul Ball, location: 2F
0-2: Ball
1-2: Ball
2-2: Ground out 5-3 (Groundball, 56, EV 82.5 MPH)
Jae-ik Soung scores
Batting: LHB Tim Olsen 0-0: Foul Ball, location: 2F
0-1: Ball
1-1: Foul Ball, location: 2F
1-2: Strikes out swinging
Top of the 3rd over - 1 run, 1 hit, 0 errors, 1 left on base; Syracuse 2 - Indianapolis 0
BOTTOM OF THE 3RD
Indianapolis Indians batting - Pitching for Syracuse Chiefs : RHP Brian Walker
Batting: RHB Nick Wicker 0-0: Foul Ball, location: 2F
0-1: Ball
1-1: Ball
2-1: Ball
3-1: Called Strike
3-2: Strikes out swinging
Batting: RHB Bubba Tierney 0-0: Ball
1-0: SINGLE (Groundball, 4MD, EV 103.1 MPH)
Batting: LHB Alberto Figueroa 0-0: Ball
Bubba Tierney steals 2nd base
1-0: Ball
Bubba Tierney is caught stealing 3rd base 2-5
2-0: SINGLE (Line Drive, 6MD, EV 96.2 MPH)
Batting: RHB Alain Marquet 0-0: Ball
1-0: Swinging Strike
1-1: Ball
Alberto Figueroa steals 2nd base
2-1: Swinging Strike
2-2: Foul Ball, location: 2F
2-2: Foul Ball, location: 2F
2-2: Ball
3-2: Ground out 3-1 (Groundball, 34, EV 103.1 MPH)
Bottom of the 3rd over - 0 runs, 2 hits, 0 errors, 1 left on base; Syracuse 2 - Indianapolis 0
TOP OF THE 4TH
Syracuse Chiefs batting - Pitching for Indianapolis Indians : RHP Antonio Alvarez
Batting: RHB Martin Guerrero 0-0: Ball
1-0: Ball
2-0: Ball
3-0: Base on Balls
Batting: RHB Justin Davenport 0-0: Ball
1-0: Ball
2-0: Called Strike
2-1: Ball
3-1: Base on Balls
Martin Guerrero to second
Batting: RHB Pat Barton 0-0: Ball
1-0: Swinging Strike
1-1: Foul Ball, location: 2F
1-2: Strikes out swinging
Batting: RHB Dusty Ballard 0-0: Called Strike
0-1: Foul Ball, location: 2F
0-2: Foul Ball, location: 2F
0-2: Ball
1-2: Ball
2-2: Foul Ball, location: 2F
2-2: Ball
3-2: Base on Balls
Martin Guerrero to third
Justin Davenport to second
Batting: LHB Alexis Cantu 0-0: Ball
1-0: Foul Ball, location: 2F
1-1: Grounds into double play, 6-4-3 (Groundball, 6D, EV 82.5 MPH)
Top of the 4th over - 0 runs, 0 hits, 0 errors, 2 left on base; Syracuse 2 - Indianapolis 0
BOTTOM OF THE 4TH
Indianapolis Indians batting - Pitching for Syracuse Chiefs : RHP Brian Walker
Batting: RHB Dave Fredericks 0-0: Ball
1-0: Ball
2-0: Ball
3-0: Called Strike
3-1: Ground out 1-3 (Groundball, P, EV 69.4 MPH)
Batting: LHB Phil DeCamp 0-0: Foul Ball, location: 2F
0-1: SOLO HOME RUN (Flyball, 89XD, EV 99.4 MPH), Distance : 390 ft
Batting: RHB Chris Pozzi 0-0: Called Strike
0-1: Ball
1-1: DOUBLE (Line Drive, 9LM, EV 110.0 MPH)
Batting: LHB Edwin Aguilar 0-0: Called Strike
0-1: Swinging Strike
0-2: Strikes out looking
Batting: RHB Richard Barrios 0-0: Called Strike
0-1: Ball
1-1: Ball
2-1: Foul Ball, location: 2F
2-2: Foul Ball, location: 2F
2-2: Strikes out swinging
Bottom of the 4th over - 1 run, 2 hits, 0 errors, 1 left on base; Syracuse 2 - Indianapolis 1
TOP OF THE 5TH
Syracuse Chiefs batting - Pitching for Indianapolis Indians : RHP Antonio Alvarez
Batting: LHB Jae-ik Soung 0-0: Called Strike
0-1: Swinging Strike
0-2: Ball
1-2: Strikes out looking
Batting: LHB Doug Anderson 0-0: Called Strike
0-1: Ball
1-1: Foul Ball, location: 2F
1-2: Ball
2-2: Ball
3-2: SINGLE (Groundball, 34S, EV 70.6 MPH) (infield hit)
Batting: RHB Stephen Charbonneau 0-0: Ball
1-0: SINGLE (Line Drive, 8RS, EV 110.6 MPH)
Doug Anderson to second
Batting: LHB Tim Olsen 0-0: Ball
1-0: Called Strike
1-1: Ball
2-1: Ball
3-1: Foul Ball, location: 2F
3-2: Foul Ball, location: 2F
3-2: Base on Balls
Doug Anderson to third
Stephen Charbonneau to second
Batting: RHB Martin Guerrero 0-0: Called Strike
0-1: Foul Ball, location: 2F
0-2: Ball
1-2: Ball
2-2: Foul Ball, location: 2F
2-2: Ball
3-2: Fly out, F8 (Flyball, 89M, EV 88.1 MPH)
Pitching: RHP Shuuhei Watanabe
Batting: RHB Justin Davenport 0-0: Ball
1-0: Foul Ball, location: 2F
1-1: Ball
2-1: DOUBLE (Flyball, 8LXD, EV 112.5 MPH)
Doug Anderson scores
Stephen Charbonneau scores
Tim Olsen to third
Runner from 3rd tries for Home, SAFE, throw by CF to home
Batting: RHB Pat Barton 0-0: Ground out 6-3 (Groundball, 6, EV 95.6 MPH)
Top of the 5th over - 3 runs, 3 hits, 0 errors, 1 left on base; Syracuse 5 - Indianapolis 1
BOTTOM OF THE 5TH
Indianapolis Indians batting - Pitching for Syracuse Chiefs : RHP Brian Walker
Batting: RHB Nick Wicker 0-0: Ground out 3-1 (Groundball, 34, EV 83.8 MPH)
Batting: RHB Bubba Tierney 0-0: Ball
1-0: Foul Ball, location: 2F
1-1: Swinging Strike
1-2: Fly out, F9 (Line Drive, 9, EV 87.5 MPH)
Batting: LHB Alberto Figueroa 0-0: Ball
1-0: Swinging Strike
1-1: Ball
2-1: Swinging Strike
2-2: Hit by Pitch
Batting: RHB Alain Marquet 0-0: Ball
1-0: Foul Ball, location: 2F
1-1: Ball
2-1: Called Strike
Alberto Figueroa steals 2nd base
2-2: Foul Ball, location: 2F
2-2: Fly out, F9 (Flyball, 9D, EV 107.5 MPH)
Bottom of the 5th over - 0 runs, 0 hits, 0 errors, 1 left on base; Syracuse 5 - Indianapolis 1
TOP OF THE 6TH
Syracuse Chiefs batting - Pitching for Indianapolis Indians : RHP Shuuhei Watanabe
Batting: RHB Dusty Ballard 0-0: Ball
1-0: Swinging Strike
1-1: Called Strike
1-2: Foul Ball, location: 2F
1-2: Ball
2-2: Strikes out swinging
Batting: LHB Alexis Cantu 0-0: Ball
1-0: Called Strike
1-1: Foul Ball, location: 2F
1-2: Ball
2-2: Strikes out looking
Batting: LHB Jae-ik Soung 0-0: Foul Ball, location: 2F
0-1: Foul Ball, location: 2F
0-2: Ball
1-2: Ball
2-2: Ball
3-2: Ground out 5-3 (Groundball, 56, EV 104.4 MPH)
Top of the 6th over - 0 runs, 0 hits, 0 errors, 0 left on base; Syracuse 5 - Indianapolis 1
BOTTOM OF THE 6TH
Indianapolis Indians batting - Pitching for Syracuse Chiefs : RHP Brian Walker
Batting: RHB Dave Fredericks 0-0: Ball
1-0: Called Strike
1-1: Ball
2-1: Ball
3-1: Called Strike
3-2: Fly out, F3 (Popup, 3F, EV 63.1 MPH)
Batting: LHB Phil DeCamp 0-0: Called Strike
0-1: Ball
1-1: Called Strike
1-2: Foul Ball, location: 2F
1-2: Foul Ball, location: 2F
1-2: Ball
2-2: Ground out 4-3 (Groundball, 4, EV 86.2 MPH)
Batting: RHB Chris Pozzi 0-0: Ball
1-0: Called Strike
1-1: Ball
2-1: Foul Ball, location: 2F
2-2: Ground out 6-3 (Groundball, 6M, EV 105.0 MPH)
Bottom of the 6th over - 0 runs, 0 hits, 0 errors, 0 left on base; Syracuse 5 - Indianapolis 1
TOP OF THE 7TH
Syracuse Chiefs batting - Pitching for Indianapolis Indians : RHP Shuuhei Watanabe
Batting: LHB Doug Anderson 0-0: Called Strike
0-1: Called Strike
0-2: Ball
1-2: Ball
2-2: Foul Ball, location: 2F
2-2: Strikes out swinging
Batting: RHB Stephen Charbonneau 0-0: Foul Ball, location: 2F
0-1: Called Strike
0-2: Ball
1-2: Foul Ball, location: 2F
1-2: Fly out, F7 (Flyball, 7LD, EV 96.9 MPH)
Batting: LHB Tim Olsen 0-0: Ball
1-0: Swinging Strike
1-1: Ball
2-1: Foul Ball, location: 2F
2-2: Ball
3-2: Base on Balls
Batting: RHB Martin Guerrero 0-0: Ball
1-0: Swinging Strike
1-1: Foul Ball, location: 2F
1-2: Strikes out swinging
Top of the 7th over - 0 runs, 0 hits, 0 errors, 1 left on base; Syracuse 5 - Indianapolis 1
BOTTOM OF THE 7TH
Indianapolis Indians batting - Pitching for Syracuse Chiefs : RHP Brian Walker
Pitching: RHP Ki-nam Kang
Batting: LHB Edwin Aguilar 0-0: Ball
1-0: Swinging Strike
1-1: Ball
2-1: Ball
3-1: Fly out, F8 (Flyball, 8LD, EV 92.5 MPH)
Batting: RHB Richard Barrios 0-0: Ball
1-0: Ball
2-0: DOUBLE (Line Drive, 78D, EV 111.9 MPH)
Batting: RHB Nick Wicker 0-0: Ball
1-0: Foul Ball, location: 2F
1-1: Swinging Strike
1-2: Foul Ball, location: 2F
1-2: DOUBLE (Groundball, 3L, EV 94.4 MPH)
Richard Barrios scores
Batting: RHB Bubba Tierney 0-0: Called Strike
0-1: Ball
1-1: Foul Ball, location: 2F
1-2: Strikes out swinging
Batting: LHB Alberto Figueroa 0-0: Ball
Passed Ball!
Nick Wicker to third
1-0: Swinging Strike
1-1: Fly out, F9 (Line Drive, 9LS, EV 89.4 MPH)
Bottom of the 7th over - 1 run, 2 hits, 0 errors, 1 left on base; Syracuse 5 - Indianapolis 2
TOP OF THE 8TH
Syracuse Chiefs batting - Pitching for Indianapolis Indians : RHP Shuuhei Watanabe
Pitching: RHP Doug Rawson
Batting: RHB Justin Davenport 0-0: Foul Ball, location: 2F
0-1: Swinging Strike
0-2: Foul Ball, location: 2F
0-2: SINGLE (Line Drive, 7S, EV 92.5 MPH)
Batting: RHB Pat Barton 0-0: Ball
1-0: Ball
2-0: Foul Ball, location: 2F
2-1: Ball
3-1: Grounds into double play, 5-4-3 (Groundball, 56, EV 106.9 MPH)
Batting: RHB Dusty Ballard 0-0: Ball
1-0: Ground out 4-3 (Groundball, 4, EV 96.2 MPH)
Top of the 8th over - 0 runs, 1 hit, 0 errors, 0 left on base; Syracuse 5 - Indianapolis 2
BOTTOM OF THE 8TH
Indianapolis Indians batting - Pitching for Syracuse Chiefs : RHP Ki-nam Kang
Batting: RHB Alain Marquet 0-0: Called Strike
0-1: Called Strike
0-2: Ball
1-2: Strikes out swinging
Batting: RHB Dave Fredericks 0-0: Ball
1-0: Called Strike
1-1: Called Strike
1-2: Ground out 6-3 (Groundball, 6, EV 83.8 MPH)
Batting: LHB Phil DeCamp 0-0: Ground out 4-3 (Groundball, 13, EV 83.8 MPH)
Bottom of the 8th over - 0 runs, 0 hits, 0 errors, 0 left on base; Syracuse 5 - Indianapolis 2
TOP OF THE 9TH
Syracuse Chiefs batting - Pitching for Indianapolis Indians : RHP Doug Rawson
Pitching: RHP Robby Poyfair
Batting: LHB Alexis Cantu 0-0: Ball
1-0: Ball
2-0: Fly out, F8 (Flyball, 8LD, EV 87.5 MPH)
Batting: LHB Jae-ik Soung 0-0: Ball
1-0: Foul Ball, location: 2F
1-1: Called Strike
1-2: Ball
2-2: Ball
3-2: Foul Ball, location: 2F
3-2: Base on Balls
Batting: LHB Doug Anderson 0-0: Fielders Choice at 2nd, 4-6 (Groundball, 34, EV 85.6 MPH)
Batting: RHB Stephen Charbonneau 0-0: Foul Ball, location: 2F
0-1: Foul Ball, location: 2F
0-2: DOUBLE (Line Drive, 7LS, EV 104.4 MPH)
Doug Anderson to third
Runner from 3rd tries for Home, SAFE, throw by LF to home
Batting: LHB Tim Olsen 0-0: Intentional Walk
Batting: RHB Martin Guerrero 0-0: Ball
1-0: Called Strike
1-1: Ball
2-1: Foul Ball, location: 2F
2-2: Ball
3-2: Base on Balls
Stephen Charbonneau to third
Tim Olsen to second
Batting: RHB Justin Davenport 0-0: Called Strike
0-1: Called Strike
0-2: Ball
1-2: Foul Ball, location: 2F
1-2: Ball
2-2: Ball
3-2: Foul Ball, location: 2F
3-2: Base on Balls
Stephen Charbonneau scores
Tim Olsen to third
Martin Guerrero to second
Batting: RHB Pat Barton 0-0: Called Strike
0-1: Swinging Strike
0-2: Fly out, F5 (Line Drive, 5L, EV 65.0 MPH)
Top of the 9th over - 2 runs, 1 hit, 0 errors, 3 left on base; Syracuse 7 - Indianapolis 2
BOTTOM OF THE 9TH
Indianapolis Indians batting - Pitching for Syracuse Chiefs : RHP Ki-nam Kang
Batting: RHB Chris Pozzi 0-0: Foul Ball, location: 2F
0-1: Foul Ball, location: 2F
0-2: Foul Ball, location: 2F
0-2: Ball
1-2: Strikes out looking
Batting: LHB Edwin Aguilar 0-0: Called Strike
0-1: Ground out 6-3 (Groundball, 4M, EV 103.1 MPH)
Batting: RHB Richard Barrios 0-0: Swinging Strike
0-1: Ball
1-1: Ball
2-1: Ball
3-1: Called Strike
3-2: Foul Ball, location: 2F
3-2: Foul Ball, location: 2F
3-2: Foul Ball, location: 2F
3-2: Foul Ball, location: 2F
3-2: Strikes out looking
Bottom of the 9th over - 0 runs, 0 hits, 0 errors, 0 left on base; Syracuse 7 - Indianapolis 2
Sunday, July 16th , 2023 - OOTP Baseball 24.6 Build 69